 Dungeon Crawl Stone Soup version 0.32-a0-433-g08bcfe7efd (webtiles) character file.

Game seed: 15037018862814793266

2219 MemoryLapse the Poker (level 9, -8/62 (69) HPs)
             Began as a Coglin Berserker on Feb 22, 2024.
             Was an Elder of Trog.
             Killed by divine providence
             ... invoked by Jeremiah
              (10 damage)
             ... on level 8 of the Dungeon.
             The game lasted 00:08:04 (5949 turns).

MemoryLapse the Poker (Coglin Berserker)            Turns: 5949, Time: 00:08:04

HP:   -8/62 (69)    AC: 16    Str: 28    XL:     9   Next: 35%
MP:   9/9           EV:  9    Int:  7    God:    Trog [****..]
Gold: 283           SH:  0    Dex: 13    Spells: 8/8 levels left

rFire   . . .        d - +0 trident {Lars}
rCold   . . .        o - +0 trident {Sanghe}
rNeg    . . .        H - +0 plate armour
rPois   .            z - +1 helmet
rElec   .            (no cloak)
rCorr   .            C - +1 Delatra's gloves {ID++}
SInv    .            (no boots)
Will    .....        (no amulet) Stlth
                     l - +6 ring of strength
HPRegen 0.30/turn    (no ring)
MPRegen 0.11/turn

%: no passive effects
@: marked, immotile, heavily drained, revved
A: off-hand wielding, slow wielding, warmup strikes, legs shutdown
a: Renounce Religion, Berserk, Trog's Hand, Brothers in Arms


You were on level 8 of the Dungeon.
You worshipped Trog.
Trog was greatly pleased with you.
You visited 1 branch of the dungeon, and saw 8 of its levels.
You also visited: Sewer.

You collected 409 gold pieces.
You spent 126 gold pieces at shops.

Inventory:

Hand Weapons
 a - a +0 spear {Nebetia}
 d - a +0 trident (weapon) {Lars}
 e - a +0 dagger {Kun}
 o - a +0 trident (offhand) {Sanghe}
Missiles
 k - a throwing net (quivered)
Armour
 z - a +1 helmet (worn)
 C - the +1 Delatra's gloves (worn) {ID++}
   (You found it on level 3 of the Dungeon)

   ID++:      It heals its wearer when they drink unknown potions, and restores
   their MP when they read unknown scrolls.
 H - a +0 plate armour (worn)
Jewellery
 l - a +6 ring of strength (left grasper)
Wands
 c - a wand of acid (6)
Scrolls
 g - 8 scrolls of teleportation {@r3}
 i - a scroll of torment
 j - a scroll of silence {!r}
 m - a scroll of fear
 p - a scroll of enchant weapon
 q - 5 scrolls of amnesia
 s - a scroll of brand weapon
 w - a scroll of poison
 x - 2 scrolls of enchant armour
 y - 2 scrolls of blinking {@r4}
Potions
 b - a potion of might {unknown}
 h - a potion of invisibility {unknown}
 n - 2 potions of mutation {unknown}
 r - 4 potions of attraction
 u - 4 potions of curing {@q2}
 v - 2 potions of enlightenment
 B - 3 potions of lignification {unknown}
 D - 3 potions of heal wounds {unknown}
 F - a potion of haste {unknown}
 G - a potion of experience {unknown}


   Skills:
 + Level 6.2 Fighting
 * Level 7.4 Polearms
 + Level 5.2 Armour
 + Level 5.2 Dodging


You had 8 spell levels left.
You didn't know any spells.
Your spell library was empty.

Dungeon Overview and Level Annotations

Branches:
Dungeon (8/15)             Temple (0/1) D:7           Sewer (visited)
   Lair: D:8-11

Altars:
Cheibriados
Makhleb
Qazlal
Sif Muna
Uskayaw
Zin

Shops:
D:6 :   D:7 ?

Annotations:
D:8 Jeremiah


Innate Abilities, Weirdness & Mutations

You can wield a second weapon in your off-hand.
It takes a long time for you to wield or remove held weapons.
Your first few attacks do less damage.
Attacking and casting redirects power from your legs.


Message History

You closely miss the killer bee with your +0 trident.
The killer bee is lightly wounded.
You hit the killer bee but do no damage.
You feel sick.
The butterfly disappears in a burst of colours!
The killer bee stings you but does no damage.
The killer bee stings you.
Jeremiah cries, "Fearful master, protect me!"
Something smites you!
You closely miss the killer bee with your +0 trident.
The killer bee is lightly wounded.
You closely miss the killer bee with your +0 trident.
The butterfly disappears in a burst of colours!
The killer bee stings you.
* * * LOW HITPOINT WARNING * * *
Jeremiah lets out a twisted cry.
Something smites you!
* * * LOW HITPOINT WARNING * * *
The killer bee closely misses you.
You miss the killer bee with your +0 trident.
The killer bee is lightly wounded.
You hit the killer bee with your +0 trident.
You feel sick.
The killer bee stings you but does no damage.
Jeremiah barely misses you. The killer bee closely misses you.
Unknown command.
Reach: d) +0 trident {Lars}
Press: ? - help, Dir - move target, f/p - Jeremiah
Aim: Jeremiah, wielding a +2 trident of draining, wearing a +0 robe, wearing an orb of guile and carrying a wand of mindburst (almost dead, about 44% to evade your +0 trident)
The butterfly is in the way.
You barely miss the butterfly with your +0 trident.
You closely miss the butterfly with your +0 trident.
You feel sick.
You are no longer poisoned.
The butterfly disappears in a burst of colours!
The killer bee stings you but does no damage.
Jeremiah throws their arms up pleadingly.
Something smites you!
You die...
Jeremiah asks, "What happened?
Did... did you die?"

...#.###
...#...# .....#
#...#
#.###...#####
......ky....#
..#..yy###.#
.....###y##b###
#... ##@b...#
## #b#b#.#
##F#.#.#
###b#b.#.#
..b#b##.#
##.#.##.#
#b..b..#
##.##### #.#
#.#


You could see Jeremiah, a wyvern and 4 killer bees.

Vanquished Creatures
  A wyvern (D:7)
  A water moccasin (D:4)
  An orc warrior (D:6)
  2 ice beasts
  2 sky beasts (D:7)
  2 ogres (D:5)
  2 bullfrogs (D:7)
  5 scorpions
  3 bombardier beetles
  6 howler monkeys (D:7)
  A hound (D:5)
  2 orc priests (D:7)
  A gnoll bouda (D:5)
  Terence (D:2)
  3 iguanas
  3 orc wizards
  5 gnolls
  9 adders
  4 river rats (Sewer)
  3 white imps
  2 ufetubi (D:5)
  3 dart slugs
  5 ribbon worms
  11 orcs
  6 endoplasms
  5 giant cockroaches
  6 goblins
  6 hobgoblins
  3 jackals
  7 quokkas
  13 ball pythons
  7 bats
  10 frilled lizards
  4 kobolds
  6 rats
151 creatures vanquished.

Notes
Turn   | Place    | Note
-------+----------+-------------------------------------------
     0 | D:1      | MemoryLapse the Coglin Berserker began the quest for the
                  | Orb.
     0 | D:1      | Reached XP level 1. HP: 18/18 MP: 1/1
   182 | D:1      | Reached XP level 2. HP: 22/24 MP: 2/2
   454 | D:1      | Reached skill level 3 in Polearms
   454 | D:1      | Reached XP level 3. HP: 29/29 MP: 3/3
   892 | D:2      | Reached ** piety under Trog
   994 | D:2      | Noticed Terence
  1007 | D:2      | Killed Terence
  1008 | D:2      | Reached XP level 4. HP: 29/35 MP: 4/4
  1346 | D:3      | Found a glowing drain.
  1350 | Sewer    | Entered a sewer
  1672 | Sewer    | Reached XP level 5. HP: 41/41 MP: 5/5
  1755 | Sewer    | Reached *** piety under Trog
  2229 | D:3      | Reached skill level 4 in Polearms
  2364 | D:3      | Found a shimmering blue altar of Sif Muna.
  2460 | D:3      | Found the +1 Delatra's gloves {ID++}
  2469 | D:3      | Reached XP level 6. HP: 45/48 MP: 6/6
  2588 | D:4      | Noticed a water moccasin
  2597 | D:4      | Killed a water moccasin
  2666 | D:4      | Found a glowing silver altar of Zin.
  2667 | D:4      | Found a snail-covered altar of Cheibriados.
  2742 | D:4      | Reached XP level 7. HP: 55/55 MP: 7/7
  2894 | D:4      | Identified the +1 rapier "Saihuakh" {drain, Will+ Int+3}
  3252 | D:5      | Entered Level 5 of the Dungeon
  3262 | D:5      | Reached skill level 5 in Polearms
  3726 | D:5      | Reached **** piety under Trog
  3829 | D:5      | Reached XP level 8. HP: 61/61 MP: 8/8
  4168 | D:6      | Reached skill level 5 in Fighting
  4304 | D:6      | Found a hide-covered altar of Uskayaw.
  4467 | D:6      | Reached skill level 6 in Polearms
  4785 | D:6      | Found Qiogok's Self-Published Books.
  4948 | D:7      | Noticed a wyvern
  4963 | D:7      | Killed a wyvern
  5105 | D:7      | Reached XP level 9. HP: 56/69 MP: 9/9
  5166 | D:7      | Found a burning altar of Makhleb.
  5166 | D:7      | Found a stormy altar of Qazlal.
  5206 | D:7      | Reached skill level 7 in Polearms
  5209 | D:7      | Reached skill level 5 in Armour
  5330 | D:7      | Reached skill level 5 in Dodging
  5605 | D:7      | Found Iludys's Magic Scroll Shoppe.
  5608 | D:7      | Bought a scroll of blinking for 90 gold pieces
  5608 | D:7      | Bought a scroll of teleportation for 36 gold pieces
  5686 | D:7      | Found a staircase to the Ecumenical Temple.
  5917 | D:8      | Noticed Jeremiah
  5948 | D:8      | HP: 3/62 [poisoned by a killer bee]
  5949 | D:8      | Killed from afar by Jeremiah

Illustrated notes

Levels and vault maps discovered:
D:1:      arrival_zaba_pyramid, layout_loops_ring, hangedman_decor_slide_cut,
          minmay_misc_feat_alley, st_stairs_6
D:2:      layout_basic, uniq_terence
D:3:      layout_rooms, mainiacjoe_overflow_concentric_impassable,
          mainiacjoe_sewer_entry_somewhere_in_here_2, kennysheep_crisscross,
          pf_guarded_unrand_delatra
D:4:      layout_loops_cross, nicolae_overflow_squiral
D:5:      layout_cave_pods, minmay_holes
D:6:      layout_rooms, nicolae_uskayaw_murder_on_the_dancefloor,
          nicolae_custom_books, chequers_serial_rivers_small_a
D:7:      layout_loops_cross, mainiacjoe_overflow_divided_tiny, temple_statues,
          serial_shops, nicolae_shop_window_shopping,
          hangedman_decor_diamond_cutter
D:8:      layout_loops_cross, nemelex_xobeh_ov_fountains_minmay, enter_bailey_6,
          minmay_shop_enchanted_jewellery, uniq_jeremiah

Skill      XL: |  1  2  3  4  5  6  7  8  9 |
---------------+----------------------------+-----
Armour         | 2 3 4 5 |  5.2
Dodging        | 2 3 4 5 |  5.2
Polearms       | 3 4 5 6 7 |  7.4
Fighting       | 4 5 6 |  6.2

Action                     |  1- 3 |  4- 6 |  7- 9 || total
---------------------------+-------+-------+-------++-------
  Melee: Spear             |    58 |   151 |   187 ||   396
         Dagger            |    21 |       |       ||    21
         Trident           |    11 |   157 |   252 ||   420
  Evoke: Wand              |       |       |     1 ||     1
    Use: Scroll            |       |       |    13 ||    13
   Stab: Sleeping          |     1 |       |       ||     1
         Distracted        |       |       |     1 ||     1
 Armour: Chain mail        |    21 |    98 |    63 ||   182
         Animal skin       |     1 |       |       ||     1
         Plate armour      |       |       |    83 ||    83
  Dodge: Dodged            |    14 |    57 |    67 ||   138

Table legend: (Time is in decaauts)
 A = Elapsed time spent in this place.
 B = Non-inter-level travel time spent in this place.
 C = Inter-level travel time spent in this place.
 D = Time resting spent in this place.
 E = Time spent auto-exploring this place.
 F = Levels seen in this place.
 G = Mean time per level.
                   A        B        C        D        E       F      G
               +--------+--------+--------+--------+--------+-----+--------+
         Total |   6103 |   5899 |    204 |    406 |   4507 |   9 |  678.1 |
       Dungeon |   5207 |   5003 |    204 |    253 |   3920 |   8 |  650.9 |
         Sewer |    896 |    896 |      0 |    153 |    587 |   1 |  896.0 |
               +--------+--------+--------+--------+--------+-----+--------+

Top non-repeatable levels by time:
     D:7: 994 daAuts
     D:5: 944 daAuts
   Sewer: 896 daAuts
     D:1: 777 daAuts
     D:4: 672 daAuts
     D:6: 642 daAuts
     D:3: 562 daAuts
     D:2: 528 daAuts
     D:8: 85 daAuts
